 Dungeon Crawl Stone Soup version 0.19.0-2-gae57169 (webtiles) character file.

40701 hairmachine the Bludgeoner (level 14, -10/177 HPs)
             Began as a Human Berserker on Nov 6, 2016.
             Was a High Priest of Trog.
             Mangled by a catoblepas (11 damage)
             ... on level 6 of the Lair of Beasts.
             The game lasted 01:21:22 (29974 turns).

hairmachine the Bludgeoner (Human Berserker)       Turns: 29974, Time: 01:21:23

Health: -10/177    AC: 20    Str: 26    XL:     14   Next: 46%
Magic:  6/6        EV:  5    Int: 12    God:    Trog [*****.]
Gold:   1114       SH:  0    Dex: 13    Spells: 0 memorised, 13 levels left

rFire  . . .     SeeInvis .     G - +0 morningstar (antimagic) {god gift}
rCold  + . .     Gourm    .     J - +0 plate armour
rNeg   . . .     Faith    .     C - +0 buckler
rPois  .         Spirit   .     T - +2 hat {Int+3}
rElec  .         Reflect  .     (no cloak)
rCorr  .         Harm     .     a - +1 pair of gloves
MR     ++...                    n - +0 pair of boots
Stlth  ..........               (no amulet)
                                m - ring of protection from magic {MR+, !d}
                                c - ring of protection from cold {rC+, !d}

@: berserking (expiring), petrifying
A: no striking features
a: Berserk, Trog's Hand, Brothers in Arms, Burn Spellbooks, Renounce Religion


You were on level 6 of the Lair of Beasts.
You worshipped Trog.
Trog was extremely pleased with you.
You were very hungry.

You visited 3 branches of the dungeon, and saw 17 of its levels.

You collected 1144 gold pieces.
You spent 30 gold pieces at shops.


   Skills:
 + Level 13.1 Fighting
 + Level 15.5 Maces & Flails
 + Level 9.4 Armour
 - Level 5.0 Dodging
 - Level 4.0 Shields
 - Level 6.0 Evocations


You had 13 spell levels left.
You didn't know any spells.

Inventory:

Hand Weapons
 G - a +0 antimagic morningstar (weapon) {god gift}
   (Trog gifted it to you on level 6 of the Lair of Beasts)
 S - a +4 antimagic battleaxe {god gift}
   (Trog gifted it to you on level 8 of the Dungeon)
Armour
 a - a +1 pair of gloves (worn)
   (You found it on level 6 of the Lair of Beasts)
 n - a +0 pair of boots (worn)
   (You found it on level 2 of the Dungeon)
 C - a +0 buckler (worn)
   (You found it on level 4 of the Dungeon)
 J - a +0 plate armour (worn)
   (You took it off an orc warrior on level 5 of the Dungeon)
 T - a +2 hat of intelligence (worn)
   (You found it on level 9 of the Dungeon)
Jewellery
 c - a ring of protection from cold (left hand) {rC+, !d}
   (You took it off a gnoll on level 3 of the Dungeon)
 m - a ring of protection from magic (right hand) {MR+, !d}
   (You found it on level 5 of the Dungeon)
 v - an uncursed ring of resist corrosion
   (You found it on level 10 of the Dungeon)
Wands
 e - a wand of slowing (27/48)
   (You found it on level 3 of the Lair of Beasts)
 g - a wand of paralysis (15/24)
   (You found it on level 4 of the Lair of Beasts)
 l - a wand of polymorph (10/24)
   (You found it on level 1 of the Lair of Beasts)
 w - a wand of paralysis (5/24)
   (You found it on level 3 of the Lair of Beasts)
 F - a wand of digging (8/24)
   (You found it on level 5 of the Dungeon)
 P - a wand of iceblast (12/15)
   (You found it on level 5 of the Lair of Beasts)
 R - a wand of iceblast (6/15)
   (You took it off an orc warrior on level 8 of the Dungeon)
 X - a wand of enslavement (10/24)
   (You found it on level 1 of the Lair of Beasts)
 Z - a wand of disintegration (5/24)
   (You found it on level 2 of the Lair of Beasts)
Scrolls
 h - 2 scrolls of random uselessness {!r, unknown}
 p - 10 scrolls of fear {!r}
 q - 4 scrolls of identify {!r}
 r - a scroll of amnesia {!r, unknown}
 s - 5 scrolls of enchant weapon {!r}
 t - 5 scrolls of teleportation {!r}
 u - a scroll of noise {!r, unknown}
 y - 2 scrolls of enchant armour {!r}
 D - a scroll of blinking {!r, unknown}
 K - a scroll of recharging {!r, unknown}
 L - 2 scrolls of magic mapping {!r}
 U - 10 scrolls of remove curse {!r}
 W - 2 scrolls of immolation {!r, unknown}
Potions
 b - a potion of mutation {!q}
 i - a potion of lignification {!q}
 j - 2 potions of cancellation {!q}
 o - a potion of haste {!q}
 x - 3 potions of might {!q}
 z - 3 potions of degeneration {!q, unknown}
 B - a potion of ambrosia {!q, unknown}
 I - a potion of curing {!q, unknown}
 M - 2 potions of flight {!q, unknown}
 O - a potion of heal wounds {!q}
 Y - a potion of resistance {!q, unknown}
Miscellaneous
 N - a sack of spiders
 V - a disc of storms
   (You found it on level 9 of the Dungeon)
Comestibles
 d - 15 fruits
 f - 7 meat rations
 k - 10 bread rations
 A - 2 beef jerkies

Dungeon Overview and Level Annotations

Branches:
Dungeon (10/15)            Temple (1/1) D:4            Lair (6/6) D:10
 Shoals (0/4) Lair:4        Snake (0/4) Lair:3        Slime (0/5) Lair:5
    Orc: D:9-12

Altars:
Ashenzari
Dithmenos
Kikubaaqudgha
Vehumet
Jiyva

Shops:
D:6 *   D:7 %   D:9 *

Annotations:
D:6 exclusion: electric eel
D:10 exclusion: electric eel
Lair:3 exclusions: 3 plants and 1 more exclusion

##..###YY...............
##...##Y@Y...............
#..#.#.#Y#.##.#.......#..
#......Y...........P..P.
#.#....§.(#..##..P......
#..........#............
### ##.#.......#.#..
...... #.#
#...)........#.. .....
##.######..#.......#..
.....
#...##§###.............
.....
.....§.....#.#.#.#.#..
Y....
#....##.....[..###....
..#..
###.............#....
.....
##.................. ....
##.......#.......... ....
#...................
##........#.......#.


You could see a catoblepas and 5 yaks.


Message History

You see here a mace.
Damage: -4%(-7hp) hp: 28%(49hp)
You bludgeon the yak!!
The yak is severely wounded.
Your limbs are stiffening.
You hit the yak.
The yak is lightly wounded.
The catoblepas breathes a plume of calcifying dust at you.
The blast of calcifying dust hits you!
The blast of calcifying dust hits the yak.
You have turned to stone.
You are engulfed in calcifying dust.
The yak gores you but does no damage.
The yak is engulfed in calcifying dust.
The yak is moving more slowly.
The yak gores you.
* * * LOW HITPOINT WARNING * * *
The yak is engulfed in calcifying dust.
The yak is moving more slowly.
The yak gores you.
The catoblepas gores you but does no damage.
The yak is engulfed in calcifying dust.
The yak is moving more slowly.
You are engulfed in calcifying dust.
The yak gores you but does no damage.
The yak is engulfed in calcifying dust.
The yak stops moving altogether!
The catoblepas gores you!!
* * * LOW HITPOINT WARNING * * *
The yak is engulfed in calcifying dust.
The yak stops moving altogether!
The yak is engulfed in calcifying dust.
The yak stops moving altogether!
You are engulfed in calcifying dust.
The yak gores you!
* * * LOW HITPOINT WARNING * * *
The yak is engulfed in calcifying dust. x2; The catoblepas barely misses you.
The yak is engulfed in calcifying dust.
The yak gores you but does no damage.
You are engulfed in calcifying dust.
The yak gores you but does no damage.
The yak is engulfed in calcifying dust.
The catoblepas breathes a plume of calcifying dust at you.
The blast of calcifying dust hits you!
The blast of calcifying dust hits the yak. x2
The yak gores you.
* * * LOW HITPOINT WARNING * * *
The yak is engulfed in calcifying dust.
The yak gores you.
The yak is engulfed in calcifying dust.
The catoblepas gores you!
* * * LOW HITPOINT WARNING * * *
The yak is engulfed in calcifying dust.
The yak gores you.
* * * LOW HITPOINT WARNING * * *
The yak gores you!
* * * LOW HITPOINT WARNING * * *
The yak is engulfed in calcifying dust.
The catoblepas breathes a plume of calcifying dust at you.
The blast of calcifying dust hits you!
* * * LOW HITPOINT WARNING * * *
The blast of calcifying dust hits the yak. x2
The yak gores you but does no damage.
The yak is engulfed in calcifying dust.
You are engulfed in calcifying dust.
The yak gores you but does no damage.
The catoblepas breathes a plume of calcifying dust at you.
The blast of calcifying dust hits you!
* * * LOW HITPOINT WARNING * * *
The blast of calcifying dust hits the yak. x2
The yak is engulfed in calcifying dust.
The yak gores you but does no damage.
You are engulfed in calcifying dust.
The yak gores you but does no damage.
The yak is engulfed in calcifying dust.
The catoblepas gores you!
* * * LOW HITPOINT WARNING * * *
The yak is engulfed in calcifying dust.
The yak gores you.
* * * LOW HITPOINT WARNING * * *
You are engulfed in calcifying dust.
The yak gores you.
* * * LOW HITPOINT WARNING * * *
The yak is engulfed in calcifying dust.
The catoblepas breathes a plume of calcifying dust at you.
The blast of calcifying dust hits you!
* * * LOW HITPOINT WARNING * * *
The blast of calcifying dust hits the yak. x2
The yak is engulfed in calcifying dust.
The yak gores you but does no damage.
You turn to flesh and can move again.
Huge Dmg: -24%(-42hp) hp: 5%(8hp) Unknown command.
You are too injured to fight recklessly!
You are too injured to fight recklessly!
You are too injured to fight recklessly!
You puncture the catoblepas!
The catoblepas is lightly wounded.
You are engulfed in calcifying dust.
The yak gores you but does no damage.
The yak is engulfed in calcifying dust.
You are too berserk!
You are too berserk!
You are too berserk!
You completely miss the catoblepas.
The catoblepas is lightly wounded.
You are engulfed in calcifying dust.
You are slowing down.
The catoblepas gores you!
* * * LOW HITPOINT WARNING * * *
The yak gores you but does no damage.
The yak is engulfed in calcifying dust.
Huge Dmg: -4%(-7hp) hp: 1%(1hp)
You completely miss the catoblepas.
The catoblepas is lightly wounded.
You are engulfed in calcifying dust.
The yak gores you but does no damage.
The yak is engulfed in calcifying dust.
The catoblepas gores you!
You die...

Vault maps used:
D:1:      erik_arrival_cave_to_civilisation
D:2:      minmay_guardbox
D:3:      lemuel_upstairs_altar, first_bread
D:4:      minmay_misc_feat_four_crosses
D:6:      serial_shops, nicolae_shop_trees, water_maze_lemuel
D:7:      serial_shops, shop_fountains, kennysheep_nondescript, grunt_livestock
D:8:      hangedman_abyss_or_decor_stabs, uniq_grum
D:9:      serial_shops, kennysheep_little_box, uniq_joseph
D:10:     kennysheep_ambush_hall, grunt_lair_entry_orc_guard_hut,
          hangedman_decor_clover_reticule, uniq_psyche
Temple:   nicolae_temple_the_god_donut
Lair:2:   lemuel_fruit_tree
Lair:3:   lemuel_ratsnest, minmay_snake_entry_guardpost_small,
          lab_entry_generic, serial_bayou_lagoon_a, serial_bayou_shore_a,
          uniq_nergalle
Lair:4:   elwin_shoals_entry_rooms, grunt_megastairs_4
Lair:5:   slime_altar_1
Lair:6:   evilmike_catoblepas_cave, st_stairs_4

Notes
Turn   | Place    | Note
-------+----------+-------------------------------------------
     0 | D:1      | hairmachine the Human Berserker began the quest for the Orb.
     0 | D:1      | Reached XP level 1. HP: 18/18 MP: 1/1
   140 | D:1      | Reached XP level 2. HP: 15/24 MP: 2/2
   672 | D:1      | Reached skill level 4 in Maces & Flails
   672 | D:1      | Reached XP level 3. HP: 23/29 MP: 3/3
  1801 | D:2      | Reached XP level 4. HP: 17/35 MP: 4/4
  2223 | D:2      | Reached ** piety under Trog
  2748 | D:2      | Reached skill level 5 in Maces & Flails
  3290 | D:2      | Reached XP level 5. HP: 36/41 MP: 5/5
  3622 | D:2      | Reached *** piety under Trog
  3851 | D:3      | Noticed an ogre
  3858 | D:3      | Killed an ogre
  3858 | D:3      | Reached skill level 6 in Maces & Flails
  3858 | D:3      | Reached XP level 6. HP: 47/47 MP: 6/6
  3881 | D:3      | Noticed vev's ghost (amateur HuNe)
  4400 | D:2      | Reached skill level 7 in Maces & Flails
  4657 | D:3      | Killed vev's ghost
  4657 | D:3      | Reached XP level 7. HP: 52/52 MP: 7/7
  5628 | D:4      | Found a staircase to the Ecumenical Temple.
  5671 | D:4      | Reached skill level 8 in Maces & Flails
  5693 | Temple   | Entered the Ecumenical Temple
  5912 | D:4      | Reached **** piety under Trog
  6251 | D:4      | Reached skill level 9 in Maces & Flails
  6251 | D:4      | Reached XP level 8. HP: 58/58 MP: 8/8
  7202 | D:5      | Entered Level 5 of the Dungeon
  7995 | D:5      | Reached skill level 10 in Maces & Flails
  8056 | D:5      | Noticed bananaglory's ghost (novice TeAs)
  8263 | D:4      | Reached XP level 9. HP: 33/65 MP: 9/9
  9782 | D:5      | Killed bananaglory's ghost
  9782 | D:5      | Reached skill level 5 in Fighting
 10115 | D:6      | Found Rivorph's General Store.
 10120 | D:6      | Bought a scroll of remove curse for 30 gold pieces
 10178 | D:6      | Reached skill level 5 in Armour
 10687 | D:7      | Noticed a hippogriff
 11033 | D:7      | Reached skill level 11 in Maces & Flails
 11033 | D:7      | Reached XP level 10. HP: 71/76 MP: 10/10
 11912 | D:7      | Reached ***** piety under Trog
 11994 | D:7      | Found Didotah's Food Boutique.
 12848 | D:8      | Noticed Grum
 13195 | D:8      | Noticed a hill giant
 13201 | D:8      | Killed a hill giant
 13201 | D:8      | Reached skill level 12 in Maces & Flails
 13201 | D:8      | Reached XP level 11. HP: 85/86 MP: 11/11
 13830 | D:8      | Killed Grum
 14344 | D:8      | Received a gift from Trog
 14707 | D:9      | Noticed Joseph
 14734 | D:9      | Killed Joseph
 15169 | D:9      | Found Tiblit's Assorted Antiques.
 15745 | D:9      | Reached skill level 1 in Shields
 15756 | D:10     | Entered Level 10 of the Dungeon
 15756 | D:10     | Noticed Psyche
 15756 | D:10     | Noticed a catoblepas
 15777 | D:9      | Noticed a centaur warrior
 15920 | D:9      | Killed a centaur warrior
 16152 | D:10     | Killed a catoblepas
 16240 | D:10     | Killed Psyche
 16557 | D:10     | Found a staircase to the Lair.
 16669 | Lair:1   | Entered Level 1 of the Lair of Beasts
 17334 | Lair:1   | Reached XP level 12. HP: 96/96 MP: 12/12
 17339 | Lair:1   | Reached skill level 13 in Maces & Flails
 17512 | Lair:1   | Noticed a death yak
 17514 | Lair:1   | Noticed a death yak
 17586 | Lair:1   | Killed a death yak
 17586 | Lair:1   | Reached skill level 1 in Evocations
 17596 | Lair:1   | Reached skill level 10 in Fighting
 18147 | Lair:1   | Noticed a five-headed hydra
 18302 | Lair:1   | Noticed a death yak
 18303 | Lair:1   | Noticed a death yak
 18331 | Lair:1   | Killed a death yak
 18332 | Lair:1   | Killed a five-headed hydra
 18334 | Lair:1   | Killed a death yak
 18506 | Lair:1   | Noticed a death yak
 18508 | Lair:1   | Noticed a death yak
 18554 | Lair:1   | Killed a death yak
 18830 | Lair:1   | Killed a death yak
 18834 | Lair:1   | Killed a death yak
 19825 | Lair:2   | Noticed a catoblepas
 19895 | Lair:2   | Killed a catoblepas
 19895 | Lair:2   | Reached skill level 5 in Evocations
 20142 | Lair:2   | Reached XP level 13. HP: 58/106 MP: 16/16
 20568 | Lair:1   | Reached skill level 14 in Maces & Flails
 20809 | Lair:2   | Noticed an eight-headed hydra
 20814 | Lair:2   | Killed a seven-headed hydra
 21905 | Lair:3   | Noticed Nergalle
 21918 | Lair:3   | Killed Nergalle
 22176 | Lair:3   | Found a staircase to the Snake Pit.
 23995 | Lair:4   | Received a gift from Trog
 24101 | Lair:4   | Noticed a five-headed hydra
 24104 | Lair:4   | Killed a five-headed hydra
 24610 | Lair:4   | Identified the Incunabulum of Sinister Summoning
 25330 | Lair:4   | Found a staircase to the Shoals.
 26366 | Lair:5   | Found a staircase to the Slime Pits.
 26366 | Lair:5   | Found a viscous altar of Jiyva.
 26396 | Lair:5   | Reached skill level 15 in Maces & Flails
 27037 | Lair:5   | Reached XP level 14. HP: 116/116 MP: 18/18
 27701 | Lair:5   | Reached skill level 5 in Dodging
 28210 | Lair:6   | Entered Level 6 of the Lair of Beasts
 29160 | Lair:6   | Received a gift from Trog
 29971 | Lair:6   | HP: 8/177 [catoblepas/blast of calcifying dust (3)]
 29973 | Lair:6   | HP: 1/177 [catoblepas (7)]
 29974 | Lair:6   | Mangled by a catoblepas

Vanquished Creatures
  A hydra (Lair:6)
  3 catoblepae
  A centaur warrior (D:9)
  6 death yaks
  Nergalle (Lair:3)
  A hill giant (D:8)
  4 black mambas
  An elephant (Lair:6)
  Joseph (D:9)
  5 spiny frogs
  Psyche (D:10)
  A torpor snail (Lair:6)
  4 rime drakes
  9 komodo dragons
  The ghost of bananaglory the Skirmisher, a novice TeAs of Cheibriados (D:5)
  2 merfolk (Lair:4)
  2 polar bears
  14 blink frogs
  7 hippogriffs
  2 wyverns
  37 yaks
  Grum (D:8)
  2 basilisks
  A human (D:7)
  3 hogs (D:7)
  A hungry ghost (D:7)
  3 nagas (Lair:3)
  19 water moccasins
  8 porcupines
  8 orc warriors
  2 ice beasts (D:8)
  4 phantoms
  2 sky beasts
  5 centaurs
  A necrophage (D:8)
  10 ogres
  The ghost of vev the Grave Robber, an amateur HuNe (D:3)
  2 wolves (D:8)
  14 crocodiles
  10 bullfrogs
  A gnoll sergeant (D:9)
  A water moccasin zombie (D:8)
  7 scorpions
  3 killer bees (D:7)
  4 howler monkeys
  3 crimson imps (D:6)
  8 hounds
  A centaur skeleton (D:9)
  6 orc priests
  2 jellies
  5 orc wizards
  2 iguanas (D:5)
  8 hell rats (Lair:3)
  8 worker ants
  A worker ant zombie (D:6)
  16 gnolls
  A howler monkey skeleton (D:4)
  13 river rats (Lair:3)
  14 adders
  A shadow imp (D:5)
  3 oozes
  2 adder skeletons
  4 worms
  4 dart slugs
  9 leopard geckos
  38 orcs
  3 ball pythons
  7 giant cockroaches
  4 goblins
  13 hobgoblins
  13 jackals
  20 kobolds
  5 quokkas
  17 bats
  7 frilled lizards
  A giant cockroach zombie (D:5)
  A jackal zombie (D:7)
  A leopard gecko zombie (D:5)
  A quokka skeleton (D:5)
  39 rats
498 creatures vanquished.

Vanquished Creatures (collateral kills)
  5 hydras
  4 death yaks
  2 elephants (Lair:6)
  2 spiny frogs
  A wolf (D:8)
14 creatures vanquished.

Vanquished Creatures (others)
  A bush (Lair:2)
  22 fungi
  39 plants
62 creatures vanquished.

Grand Total: 574 creatures vanquished

Action                   |  1- 3 |  4- 6 |  7- 9 | 10-12 | 13-15 || total
-------------------------+-------+-------+-------+-------+-------++-------
Melee: Mace              |   111 |   211 |   156 |       |       ||   478
       Morningstar       |       |       |   263 |   772 |   838 ||  1873
       Battleaxe         |       |       |       |    54 |       ||    54
Invok: Berserk           |     3 |     5 |    11 |    14 |     1 ||    34
       Burn Spellbooks   |       |       |     1 |       |     2 ||     3
       Brothers in Arms  |       |       |       |     2 |     4 ||     6
       Trog's Hand       |       |       |       |     2 |     1 ||     3
Evoke: Wand              |       |       |       |    10 |     4 ||    14
  Use: Scroll            |       |       |     3 |     8 |     2 ||    13
       Potion            |       |       |       |     6 |       ||     6
 Stab: Petrified         |       |       |       |       |     8 ||     8
       Paralysed         |       |       |       |       |     6 ||     6
       Petrifying        |       |       |       |       |     1 ||     1
  Eat: Chunk             |     4 |    14 |    26 |    32 |    21 ||    97
       Beef jerky        |       |       |     1 |     2 |     1 ||     4
       Bread ration      |       |       |     1 |       |     1 ||     2
       Pizza             |       |       |       |     7 |     4 ||    11
Armor: Animal skin       |    23 |       |       |       |       ||    23
       Ring mail         |       |    77 |       |       |       ||    77
       Scale mail        |       |     2 |    55 |       |       ||    57
       Chain mail        |       |       |    45 |       |       ||    45
       Plate armour      |       |       |    58 |   145 |   323 ||   526
       Skin              |       |       |       |    62 |       ||    62
       Quicksilver drago |       |       |       |   187 |       ||   187
Dodge: Dodged            |    76 |   120 |   139 |   284 |   204 ||   823
Block: Buckler           |       |       |    36 |    98 |   130 ||   264

Skill      XL: |  1  2  3  4  5  6  7  8  9 10 11 12 13 14 |
---------------+-------------------------------------------+-----
Maces & Flails | 4 5 6 7 9 10 11 12 13 15 | 15.5
Fighting       | 4 5 7 9 11 12 13 | 13.1
Armour         | 3 5 7 8 9 |  9.4
Shields        | 3 4 |  4.0
Evocations     | 5 6 |  6.0
Dodging        | 4 5 |  5.0
